 Dungeon Sprint DCSS version 0.22.1-1-ga44c0e56f4 (webtiles) character file.

9 MuseOD the Student (level 2, -6/20 HPs)
             Began as a Draconian Air Elementalist on Oct 5, 2018.
             Was a Follower of Sif Muna.
             Mangled by an iguana (11 damage)
             ... in the Dungeon (Sprint V: "Ziggurat Sprint").
             The game lasted 00:01:06 (117 turns).

MuseOD the Student (Draconian Air Elementalist)      Turns: 117, Time: 00:01:07

Health: -6/20      AC:  4    Str: 16    XL:     2   Next: 6%
Magic:  0/6        EV: 12    Int: 21    God:    Sif Muna [*.....]
Gold:   0          SH:  0    Dex: 11    Spells: 5/8 levels left

rFire    . . .     SeeInvis .   E - staff of energy
rCold    . . .     Gourm    .   (no shield)
rNeg     . . .     Faith    .   (armour unavailable)
rPois    .         Spirit   .   (helmet restricted)
rElec    .         Reflect  .   (no cloak)
rCorr    .         Harm     .   (no gloves)
MR       .....     NoTele   +   (no boots)
Stlth    ++........             (no amulet)
HPRegen  0.06/turn              y - +6 ring of intelligence
MPRegen  0.10/turn              A - +6 ring of strength

@: swift (expiring), quick
A: unfitting armour, cold-blooded, AC +4
a: Divine Energy, Renounce Religion


You were in the Dungeon.
You worshipped Sif Muna.
Sif Muna was aware of your devotion.
You were not hungry.

You visited 1 branch

Inventory:

Hand Weapons
 D - a +5 lajatang
Magical Staves
 E - an uncursed staff of energy (weapon)
Jewellery
 w - a +6 ring of dexterity
 x - a +6 ring of dexterity
 y - a +6 ring of intelligence (left hand)
 z - a +6 ring of intelligence
 A - a +6 ring of strength (right hand)
 B - a +6 ring of strength
 C - an uncursed ring of flight
Wands
 t - a wand of disintegration (7)
 u - a wand of iceblast (7)
 v - a wand of acid (7)
Scrolls
 h - 4 scrolls of blinking
 n - 4 scrolls of amnesia
 o - 7 scrolls of fog
 p - a scroll of holy word
 q - 5 scrolls of identify
 r - 5 scrolls of remove curse
 s - 2 scrolls of fear
Potions
 a - 2 potions of brilliance
 c - 10 potions of curing
 d - 10 potions of heal wounds
 e - 6 potions of haste
 f - 7 potions of magic
 g - 3 potions of berserk rage
 i - 2 potions of invisibility
 j - 4 potions of resistance
 l - 5 potions of agility
 m - 5 potions of might
Comestibles
 b - 7 rations


   Skills:
 - Level 3.4 Staves
 + Level 1.8 Dodging
 + Level 1.8 Stealth
 + Level 3.8 Spellcasting
 + Level 3.7 Conjurations
 + Level 3.0 Air Magic
 - Level 3.8 Invocations


You had 5 spell levels left.
You knew the following spells:

 Your Spells              Type           Power        Failure   Level  Hunger
a - Shock                 Conj/Air       ###.         3%          1    None
b - Swiftness             Chrm/Air       ##......     10%         2    None

Your spell library contained the following spells:

 Spells                   Type           Power        Failure   Level  Hunger
 Static Discharge         Conj/Air       ###.....     9%          3    None
 Airstrike                Air            ###.......   34%         4    None
 Lightning Bolt           Conj/Air       ###.......   63%         5    None


Dungeon Overview and Level Annotations

Branches:
Dungeon (1/1)

Altars:
Ashenzari
Cheibriados
Dithmenos
Elyvilon
Fedhas
Gozag
Hepliaklqana
Kikubaaqudgha
Makhleb
Nemelex Xobeh
Okawaru
Qazlal
Ru
Sif Muna
Trog
Uskayaw
Vehumet
Wu Jian
Xom
Yredelemnul
Zin
The Shining One
Beogh
Jiyva
Lugonu

Annotations:
D 1 transporter


Innate Abilities, Weirdness & Mutations

Your plain brown scales are hard. (AC +4)
You cannot fit into any form of body armour.
You are cold-blooded and may be slowed by cold attacks.


Message History

Confirm with . or Enter, or press ? or * to list all spells.
Aiming: Shock (safe; 3% risk of failure)
Press: ? - help, Shift-Dir - straight line The zap hits the iguana.
The iguana is severely wounded.
The iguana bites you.
Casting: Shock (safe; 3% risk of failure)
Confirm with . or Enter, or press ? or * to list all spells.
Aiming: Shock (safe; 3% risk of failure)
Press: ? - help, Shift-Dir - straight line The zap misses the iguana.
The iguana completely misses you.
Nothing appears to happen.
You start to feel a little slower.
The iguana bites you!
* * * LOW HITPOINT WARNING * * *
You hit the iguana but do no damage.
The iguana is severely wounded.
The iguana bites you!
Ouch! That really hurt!
You die...

▓▓▓▓▓▓▓
▓.8©8.▓
▓...†.▓
▓.=.|.▓
▓.....▓
▓..l..▓
▓..@..▓
▓▓▓▓▓▓▓


You could see an iguana.

Vanquished Creatures
  A jackal (D)
1 creature vanquished.

Notes
Turn   | Place    | Note
-------+----------+-------------------------------------------
     0 | D        | Found the +6 Majin-Bo {vamp, Archmagi MP+6 Int+6}
     0 | D        | Found the +7 great mace "Firestarter" {inner flame, rF++}
     0 | D        | MuseOD the Draconian Air Elementalist began the quest for
                  | the Orb.
     0 | D        | Reached XP level 1. HP: 14/14 MP: 3/3
     0 | D        | Found a deep blue altar of Sif Muna.
     0 | D        | Found a sacrificial altar of Ru.
     0 | D        | Found a bloodstained altar of Trog.
     0 | D        | Found a stormy altar of Qazlal.
     0 | D        | Found an iron altar of Okawaru.
     0 | D        | Found a sparkling altar of Nemelex Xobeh.
     0 | D        | Found a blossoming altar of Fedhas.
     2 | D        | Found a transporter.
     2 | D        | Found an ancient bone altar of Kikubaaqudgha.
     2 | D        | Found a viscous altar of Jiyva.
     2 | D        | Found a corrupted altar of Lugonu.
     2 | D        | Found a hazy altar of Hepliaklqana.
     2 | D        | Found a burning altar of Makhleb.
     2 | D        | Found an opulent altar of Gozag.
    21 | D        | Became a worshipper of Sif Muna the Loreminder
    46 | D        | Reached XP level 2. HP: 20/20 MP: 3/6
    50 | D        | Learned a level 2 spell: Swiftness
   111 | D        | Entered arena 2.
   111 | D        | Found a transporter.
   112 | D        | Reached * piety under Sif Muna
   117 | D        | Mangled by an iguana

Skill      XL: |  1 |
---------------+----+-----
Staves         | 3 |  3.4
Spellcasting   | 3 |  3.8
Conjurations   | 3 |  3.7
Invocations    | 3 |  3.8
Dodging        | |  1.8
Stealth        | |  1.8
Air Magic      | |  3.0

Action                   || total
-------------------------++-------
Melee: Staff             ||     1
 Cast: Shock             ||     4
       Swiftness         ||     2
  Use: Potion            ||     1
Armor: Skin              ||     1
Dodge: Dodged            ||     1
